 Dungeon Crawl Stone Soup version 0.27-a0-1144-g0b7d3b79db (webtiles) character file.

Game seed: 18170153450024804526

74 jien the Skirmisher (level 4, -2/29 HPs)
             Began as a Gargoyle Fighter on May 10, 2021.
             Slain by Grinder (5 damage)
             ... on level 3 of the Dungeon.
             The game lasted 00:03:54 (3007 turns).

jien the Skirmisher (Gargoyle Fighter)              Turns: 3007, Time: 00:03:54

Health: -2/29      AC: 12    Str: 20    XL:     4   Next: 28%
Magic:  4/4        EV:  7    Int:  9    God:
Gold:   69         SH:  9    Dex:  9    Spells: 3/3 levels left

rFire    . . .     SeeInvis .   a - +0 war axe
rCold    . . .     Faith    .   c - +0 kite shield
rNeg     + . .     Spirit   .   b - +0 scale mail
rPois    ∞         Reflect  .   (no helmet)
rElec    +         Harm     .   (no cloak)
rCorr    .         Rampage  .   (no gloves)
Will     .....                  j - +1 pair of boots
Stlth    ..........             e - amulet of the acrobat
HPRegen  0.09/turn              (no ring)
MPRegen  0.09/turn              (no ring)

@: no status effects
A: sickness immunity, AC +3, negative energy resistance 1, electricity
resistance, torment resistance 1, petrification resistance
a: no special abilities


You were on level 3 of the Dungeon.
You visited 1 branch of the dungeon, and saw 3 of its levels.

You collected 69 gold pieces.

Inventory:

Hand Weapons
 a - a +0 war axe (weapon)
Armour
 b - a +0 scale mail (worn)
 c - a +0 kite shield (worn)
 j - a +1 pair of boots (worn)
Jewellery
 e - an amulet of the acrobat (around neck)
Wands
 k - a wand of digging (1)
Scrolls
 g - a scroll of fear {unknown}
 h - a scroll of teleportation
 i - a scroll of amnesia {unknown}
Potions
 d - 3 potions of might
 f - a potion of flight {unknown}


   Skills:
 + Level 3.8 Fighting
 * Level 2.8 Axes
 + Level 3.8 Armour
 + Level 3.8 Shields


You had 3 spell levels left.
You didn't know any spells.
Your spell library contained the following spells:

 Spells                   Type           Power      Damage    Failure   Level
 Animate Skeleton         Necr           0%         N/A       99%         1
 Pain                     Necr           0%         1d4       99%         1
 Summon Small Mammal      Summ           0%         N/A       99%         1
 Call Imp                 Summ           0%         N/A       100%        2
 Call Canine Familiar     Summ           0%         N/A       100%        3
 Summon Guardian Golem    Hex/Summ       0%         N/A       100%        3
 Vampiric Draining        Necr           0%         2d6       100%        3
 Animate Dead             Necr           0%         N/A       100%        4
 Summon Ice Beast         Ice/Summ       0%         N/A       100%        4
 Summon Lightning Spire   Summ/Air       0%         N/A       100%        4
 Agony                    Necr           0%         N/A       100%        5


Dungeon Overview and Level Annotations

Branches:
Dungeon (3/15)

Altars:
Cheibriados

Annotations:
D:3 Grinder


Innate Abilities, Weirdness & Mutations

You are immune to sickness and miasma.
Your stone body is resilient. (AC +3)
You are immune to poison.
You resist negative energy. (rN+)
You are resistant to electric shocks. (rElec)
You are resistant to unholy torment.
You are immune to petrification.


Message History

Grinder gestures at you.
You shrug off the repeated paralysis!
The rat barely misses you. Grinder hits you but does no damage.
Unknown command.
You hit Grinder but do no damage. You closely miss the rat.
The rat bites you but does no damage. Grinder hits you but does no damage.
Unknown command.
You hit Grinder.
Grinder is lightly wounded.
You barely miss the rat. The rat closely misses you.
You block Grinder's attack. You block the rat's attack.
Grinder barely misses you.
Unknown command.
You hit Grinder.
Grinder is lightly wounded.
You hit the rat. You block the rat's attack.
Grinder hits you but does no damage.
Unknown command.
You closely miss Grinder.
Grinder is lightly wounded.
You closely miss the rat. The rat closely misses you. Grinder gestures at you.
Pain shoots through your body! You block the rat's attack.
Grinder gestures at you. You resist with significant effort.
You barely miss Grinder.
Grinder is lightly wounded.
You completely miss the rat. You block the rat's attack. Grinder hits you.
* * * LOW HITPOINT WARNING * * *
Unknown command.
You barely miss Grinder.
Grinder is lightly wounded.
You closely miss the rat. The rat bites you.
* * * LOW HITPOINT WARNING * * *
Grinder barely misses you. The rat bites you but does no damage.
Grinder hits you but does no damage.
Unknown command.
There is a stone staircase leading up here.
Grinder hits you.
You die...

#### ...# ## #..##
#[$ #...## ..
...#....##### ..#
..#...@5..?#
#.###.##..r...###..
#...#.#......>....
...##)##....###..
#...#.#........
##..##.##.)####
##...#)#.########...
#...###..#.........
#...†÷.....######..


You could see Grinder and a rat.

Vanquished Creatures
  An adder (D:2)
  2 worms (D:3)
  3 dart slugs
  5 ball pythons
  2 endoplasms
  3 giant cockroaches
  4 goblins
  5 hobgoblins
  4 jackals (D:3)
  4 quokkas
  A ball python zombie (D:3)
  A bat (D:1)
  3 frilled lizards
  6 kobolds
  7 rats
51 creatures vanquished.

Notes
Turn   | Place    | Note
-------+----------+-------------------------------------------
     0 | D:1      | jien the Gargoyle Fighter began the quest for the Orb.
     0 | D:1      | Reached XP level 1. HP: 14/14 MP: 1/1
   245 | D:1      | Reached XP level 2. HP: 16/19 MP: 2/2
  1256 | D:2      | Found a snail-covered altar of Cheibriados.
  1294 | D:2      | Reached XP level 3. HP: 23/23 MP: 3/3
  2665 | D:3      | Reached XP level 4. HP: 29/29 MP: 4/4
  2986 | D:3      | Noticed Grinder
  2987 | D:3      | Paralysed by Grinder for 2 turns
  2991 | D:3      | Paralysed by Grinder for 7 turns
  3007 | D:3      | Slain by Grinder

Illustrated notes

Levels and vault maps discovered:
D:1:      lightli_arrival_quake, layout_basic
D:2:      layout_loops_corners, basic_altar
D:3:      layout_rooms, serial_park_tiny_pond, grunt_decor_junction,
          minmay_vboxes, uniq_grinder

Skill      XL: |  1 |
---------------+----+-----
Axes           | 2 |  2.8
Fighting       | |  3.8
Armour         | |  3.8
Shields        | |  3.8

Action                   |  1- 3 |  4- 6 || total
-------------------------+-------+-------++-------
Melee: War axe           |   142 |    40 ||   182
  Use: Scroll            |     3 |       ||     3
Armor: Scale mail        |    78 |    16 ||    94
Dodge: Dodged            |    62 |    20 ||    82
Block: Kite shield       |    94 |    21 ||   115

Table legend: (Time is in decaauts)
 A = Elapsed time spent in this place.
 B = Non-inter-level travel time spent in this place.
 C = Inter-level travel time spent in this place.
 D = Time resting spent in this place.
 E = Time spent auto-exploring this place.
 F = Levels seen in this place.
 G = Mean time per level.
                   A        B        C        D        E       F      G
               +--------+--------+--------+--------+--------+-----+--------+
         Total |   3115 |   3071 |     44 |      0 |   2627 |   3 | 1038.3 |
       Dungeon |   3115 |   3071 |     44 |      0 |   2627 |   3 | 1038.3 |
               +--------+--------+--------+--------+--------+-----+--------+

Top non-repeatable levels by time:
     D:2: 1299 daAuts
     D:1: 1142 daAuts
     D:3: 674 daAuts
